 Dungeon Crawl Stone Soup version 0.23-a0-483-g32a748b514 (webtiles) character file.

1716 Napalmbreeze the Caller (level 9, -7/57 HPs)
             Began as a Human Ice Elementalist on Nov 30, 2018.
             Was an Initiate of Vehumet.
             Mangled by a hornet (10 damage)
             ... on level 7 of the Dungeon.
             The game lasted 00:31:52 (8728 turns).

Napalmbreeze the Caller (Human Ice Elementalist)    Turns: 8728, Time: 00:31:53

Health: -7/57      AC:  6    Str:  9    XL:     9   Next: 24%
Magic:  14/17      EV: 12    Int: 20    God:    Vehumet [......]
Gold:   411        SH:  0    Dex: 14    Spells: 7/18 levels left

rFire    . . .     SeeInvis .   F - +1 spear
rCold    + . .     Gourm    .   (no shield)
rNeg     . . .     Faith    .   y - +2 robe {rC+}
rPois    .         Spirit   .   v - +0 helmet
rElec    .         Reflect  .   (no cloak)
rCorr    .         Harm     .   i - +0 pair of gloves
MR       .....                  (no boots)
Stlth    ++........             o - amulet of magic regeneration
HPRegen  0.19/turn              (no ring)
MPRegen  0.40/turn              r - +2 ring of intelligence

@: lethally poisoned (-7 -> -15), slowed, very slow
A: no striking features
a: Renounce Religion


You were on level 7 of the Dungeon.
You worshipped Vehumet.
Vehumet was noncommittal.
You were very hungry.

You visited 2 branches of the dungeon, and saw 8 of its levels.
You also visited: Sewer.

You collected 411 gold pieces.

Inventory:

Hand Weapons
 F - a +1 spear (weapon)
Missiles
 d - 58 stones (quivered)
 e - 46 poisoned needles
 k - a throwing net
Armour
 a - a +0 robe
 i - a +0 pair of gloves (worn)
 v - a +0 helmet (worn)
 y - a +2 robe of cold resistance (worn)
Jewellery
 o - an amulet of magic regeneration (around neck)
 r - a +2 ring of intelligence (right hand)
 s - an uncursed amulet of guardian spirit
Wands
 t - a wand of digging (6)
 x - a wand of flame (3)
 B - a wand of iceblast (7)
Scrolls
 b - 2 scrolls of remove curse
 f - 7 scrolls of teleportation
 j - 2 scrolls of fear
 m - 3 scrolls of identify
 n - 2 scrolls of enchant weapon
 q - 2 scrolls of amnesia
 C - a scroll of torment
Potions
 h - a potion of magic {unknown}
 l - a potion of invisibility {unknown}
 p - 3 potions of heal wounds {unknown}
 u - 6 potions of flight {unknown}
 w - a potion of curing
 z - 2 potions of berserk rage {unknown}
 A - 2 potions of haste {unknown}
 D - a potion of mutation {unknown}
 E - a potion of degeneration {unknown}
Comestibles
 c - 18 rations


   Skills:
 - Level 2.0 Dodging
 - Level 2.0 Stealth
 + Level 5.4 Spellcasting
 - Level 1.2 Conjurations
 * Level 6.9 Summonings
 + Level 6.9 Ice Magic
 + Level 2.2 Air Magic


You had 7 spell levels left.
You knew the following spells:

 Your Spells              Type           Power        Failure   Level  Hunger
a - Freeze                Ice            ####         1%          1    None
q - Summon Ice Beast      Ice/Summ       ####....     6%          4    ####...
s - Throw Frost           Conj/Ice       ###...       3%          2    None
w - Summon Lightning Spi  Summ/Air       ###.....     17%         4    ####...

Your spell library contained the following spells:

 Spells                   Type           Power        Failure   Level  Hunger
 Summon Small Mammal      Summ           ####         1%          1    None
 Call Imp                 Summ           ####....     1%          2    None
 Call Canine Familiar     Summ           ####....     1%          3    ##.....
 Sting                    Conj/Pois      #...         9%          1    None
 Ozocubu's Armour         Chrm/Ice       ###.....     9%          3    ##.....
 Summon Guardian Golem    Hex/Summ       ###.....     9%          3    ##.....
 Poisonous Vapours        Pois/Air       #.....       11%         2    None
 Mephitic Cloud           Conj/Pois/Air  ##......     21%         3    ##.....
 Throw Icicle             Conj/Ice       ###.....     21%         4    ####...
 Olgreb's Toxic Radiance  Pois           #.......     73%         4    ####...
 Venom Bolt               Conj/Pois      #.........   94%         5    #####..


Dungeon Overview and Level Annotations

Branches:
Dungeon (7/15)             Temple (1/1) D:7

Altars:
Ashenzari
Cheibriados
Dithmenos
Elyvilon
Fedhas
Gozag
Hepliaklqana
Kikubaaqudgha
Makhleb
Nemelex Xobeh
Okawaru
Qazlal
Ru
Sif Muna
Trog
Uskayaw
Vehumet
Wu Jian
Xom
Yredelemnul
Zin
The Shining One

Shops:
D:4 (

Annotations:
D:4 exclusion: Blork the orc
D:6 3 runed doors, ZanderDzel's ghost, novice FoFi


Message History

You feel as though you will be slow longer.
You can move again.
Okay, then.
You feel better. The hornet completely misses you.
The hornet closely misses you.
Unknown command.
The hornet misses you.
Casting: Summon Lightning Spire (slightly dangerous; 17% risk of failure)
Confirm with . or Enter, or press ? or * to list all spells.
A chill wind blows around you. The hornet stings you!
* * * LOW HITPOINT WARNING * * *
You feel as though you will be slow longer.
The hornet barely misses you.
Unknown command.
You feel better. The hornet stings you!
* * * LOW HITPOINT WARNING * * *
You are lethally poisoned!
You feel as though you will be slow longer.
The hornet completely misses you. The hornet stings you!
You die...

#†#...####....
#####8)......'....
#.........####....
#.###.##..# ##...
#.# #.###.# ##..
#.# #.# #<# ##.
#.# #.# #.# ## #.#
#.# #.# # #@##.#.
#.######## #yY.# #
..#....... ##.##
#.#####. .##
...##.. ## #.....
#####. #. .#####.
.......


You could see a hornet and a friendly ice beast.

Vanquished Creatures
  Edmund (D:4)
  An ogre (D:4)
  Dowan (D:4)
  A scorpion (D:5)
  2 crimson imps
  2 centaur skeletons
  An orc priest (D:6)
  A hound (D:6)
  An iguana (D:4)
  Ijyb (D:5)
  2 worker ants
  A hound skeleton (D:5)
  2 gnolls (D:3)
  8 adders
  A shadow imp (D:6)
  An adder zombie (D:7)
  3 adder skeletons
  A worm (D:3)
  3 leopard geckos
  An orc (D:6)
  9 giant cockroaches
  4 goblins
  6 hobgoblins
  3 jackals
  4 bats
  5 frilled lizards
  A giant cockroach zombie (D:6)
  8 kobolds
  A quokka skeleton (D:6)
  7 rats
83 creatures vanquished.

Vanquished Creatures (collateral kills)
  Harold (D:7)
  Menkaure (D:4)
  A water moccasin (D:6)
  An ice beast (D:7)
  Duvessa (D:4)
  Purgy (Sewer)
  A sky beast (D:6)
  An ogre (D:5)
  A centaur (D:7)
  Blork the orc (D:4)
  3 wights (D:7)
  A howler monkey (D:4)
  A crimson imp (D:5)
  A bullfrog zombie (D:7)
  A jelly (D:5)
  A hound (D:5)
  3 orc priests
  A centaur skeleton (D:5)
  An iguana (D:5)
  2 worker ants (D:5)
  2 adders
  A shadow imp (D:5)
  An ooze (D:5)
  2 adder skeletons
  6 orcs
  A giant cockroach (D:7)
  8 jackals
  4 kobolds (D:7)
  A quokka (D:6)
  A ball python (Sewer)
  3 frilled lizards (Sewer)
  A leopard gecko zombie (D:5)
  A quokka skeleton (D:5)
  2 quokka zombies
  A rat (D:6)
60 creatures vanquished.

Grand Total: 143 creatures vanquished

Notes
Turn   | Place    | Note
-------+----------+-------------------------------------------
     0 | D:1      | Napalmbreeze the Human Ice Elementalist began the quest for
                  | the Orb.
     0 | D:1      | Reached XP level 1. HP: 13/13 MP: 3/3
   253 | D:1      | Reached XP level 2. HP: 17/19 MP: 3/5
  1169 | D:2      | Learned a level 2 spell: Throw Frost
  1178 | D:2      | Reached XP level 3. HP: 20/24 MP: 2/6
  1888 | D:3      | Reached XP level 4. HP: 30/30 MP: 0/7
  1958 | D:2      | Learned a level 4 spell: Summon Ice Beast
  2253 | D:3      | You fall through a shaft!
  2280 | D:4      | Reached skill level 1 in Summonings
  2280 | D:4      | Reached XP level 5. HP: 35/35 MP: 3/9
  2507 | D:4      | Found Hacir's Antique Weapon Emporium.
  2575 | D:4      | Noticed Duvessa
  2625 | D:4      | Noticed an ogre
  2829 | D:4      | Noticed Blork the orc
  3227 | D:3      | Found a faded altar of an unknown god.
  3282 | D:3      | Found a faded altar of an unknown god.
  3731 | D:4      | Noticed Edmund
  3743 | D:4      | Killed Edmund
  3743 | D:4      | Reached skill level 5 in Ice Magic
  3743 | D:4      | Reached XP level 6. HP: 15/41 MP: 2/11
  4405 | D:4      | Killed an ogre
  4485 | D:4      | Killed Blork the orc
  4554 | D:4      | Reached XP level 7. HP: 30/46 MP: 7/12
  5028 | D:4      | Killed Duvessa
  5035 | D:4      | Noticed Dowan
  5041 | D:4      | Killed Dowan
  5240 | D:4      | Noticed Menkaure
  5248 | D:4      | Killed Menkaure
  5497 | D:4      | Found Hacir's Antique Weapon Emporium.
  5655 | D:5      | Entered Level 5 of the Dungeon
  5682 | D:5      | Found a blossoming altar of Fedhas.
  5738 | D:5      | Noticed Ijyb
  5779 | D:5      | Killed Ijyb
  6069 | D:5      | Reached XP level 8. HP: 44/52 MP: 14/14
  6319 | D:5      | Reached skill level 5 in Summonings
  6835 | D:6      | Found a glowing drain.
  6860 | Sewer    | Entered a sewer
  6965 | Sewer    | Noticed Purgy
  6971 | Sewer    | Killed Purgy
  7123 | D:6      | Found a runed gate.
  7123 | D:6      | Found a runed gate.
  7123 | D:6      | Found a runed gate.
  7124 | D:6      | Noticed ZanderDzel's ghost (novice FoFi)
  7483 | D:6      | Learned a level 4 spell: Summon Lightning Spire
  7677 | D:7      | Found a staircase to the Ecumenical Temple.
  7757 | Temple   | Entered the Ecumenical Temple
  7828 | Temple   | Became a worshipper of Vehumet
  8073 | D:7      | Reached skill level 5 in Spellcasting
  8073 | D:7      | Reached skill level 1 in Air Magic
  8190 | D:7      | Noticed Harold
  8200 | D:7      | Killed Harold
  8200 | D:7      | Reached XP level 9. HP: 49/57 MP: 7/17
  8722 | D:7      | Noticed a hornet
  8722 | D:7      | Paralysed by a hornet for 3 turns
  8728 | D:7      | Mangled by a hornet

Vault maps used:
D:1:      psy_arrival_fountain, due_unseen_surprise
D:2:      first_ration
D:3:      chequers_ecumenical_altar_grove
D:4:      serial_shops, nicolae_shop_overgrown_old_shop, uniq_blork_the_orc,
          uniq_menkaure, uniq_edmund, uniq_duvessa
D:5:      fedhas_altar_3, uniq_ijyb
D:6:      kennysheep_six_static_rooms, ebering_ghost_rock_garden,
          portal_sewer_entry_a
D:7:      minmay_temple_entry_waves, grunt_livestock, uniq_harold
Temple:   nicolae_temple_the_god_donut
Sewer:    sewer_co_purgy_island

Skill      XL: |  1  2  3  4  5  6  7  8 |
---------------+-------------------------+-----
Ice Magic      | 4 5 6 |  6.9
Summonings     | 1 2 3 4 6 |  6.9
Spellcasting   | 3 4 5 |  5.4
Air Magic      | 2 |  2.2
Dodging        | |  2.0
Stealth        | |  2.0
Conjurations   | |  1.2

Action                   |  1- 3 |  4- 6 |  7- 9 || total
-------------------------+-------+-------+-------++-------
Melee: Club              |    43 |       |       ||    43
       Unarmed           |     2 |       |       ||     2
       Spear             |    23 |    59 |    33 ||   115
       Dire flail        |       |    11 |    51 ||    62
Throw: Stone             |       |       |     1 ||     1
 Cast: Freeze            |    23 |    15 |    10 ||    48
       Throw Frost       |    11 |    17 |     6 ||    34
       Summon Ice Beast  |       |     5 |    54 ||    59
       Summon Lightning  |       |       |     2 ||     2
  Use: Scroll            |       |     3 |     9 ||    12
       Potion            |       |     3 |     2 ||     5
 Stab: Sleeping          |     5 |     5 |     1 ||    11
       Distracted        |       |       |     2 ||     2
  Eat: Chunk             |     4 |     8 |    17 ||    29
       Ration            |       |     1 |     2 ||     3
Armor: Robe              |    29 |     8 |    27 ||    64
Dodge: Dodged            |    62 |    40 |    63 ||   165

Table legend:
 A = Non-vault XP
 B = Vault XP
 C = Vault XP percentage of total XP
 D = Non-vault monster count
 E = Vault monster count
 F = Vault count percentage of total count
                 A         B        C        D         E       F
            +---------+---------+-------+---------+---------+-------
      Total |    1414 |    1038 |  42.3 |     121 |      22 |  15.4
            +---------+---------+-------+---------+---------+-------
        D:1 |      24 |       0 |   0.0 |      17 |       0 |   0.0
        D:2 |      38 |       0 |   0.0 |      10 |       0 |   0.0
        D:3 |      85 |       0 |   0.0 |      19 |       0 |   0.0
        D:4 |     294 |     344 |  53.9 |      17 |       5 |  22.7
        D:5 |     381 |      20 |   5.0 |      23 |       1 |   4.2
        D:6 |     247 |      86 |  25.8 |      12 |       8 |  40.0
        D:7 |     345 |     509 |  59.6 |      23 |       1 |   4.2
      Sewer |       0 |      79 | 100.0 |       0 |       7 | 100.0
            +---------+---------+-------+---------+---------+-------
